 Dungeon Crawl Stone Soup version 0.30-a0-852-g08b95dd62f (webtiles) character file.

Game seed: 7941510632138678400

6224 jimonade the Protected (level 11, -18/76 HPs)
             Began as a Djinni Warper on Mar 5, 2023.
             Was a Believer of Okawaru.
             Killed from afar by a manticore (20 damage)
             ... with a volley of spikes
             ... on level 11 of the Dungeon.
             The game lasted 00:35:58 (14087 turns).

jimonade the Protected (Djinni Warper)             Turns: 14087, Time: 00:35:58

Health: -18/76     AC: 21    Str: 14    XL:     11   Next: 14%
Gold:   564        EV: 11    Int: 16    God:    Okawaru [**....] SH:  7 Dex: 18

rFire   + + +      SeeInvis .    a - +1 whip (elec)
rCold   x . .      Faith    .    C - +0 buckler
rNeg    . . .      Spirit   .    t - +5 chain mail of Zetoheaj {rF+ Dex+6}
rPois   ∞          Reflect  .    h - +0 helmet
rElec   .          Rampage  .    (no cloak)
rCorr   .                        q - +1 pair of gloves
Will    ++...                    (boots unavailable) Stlth
                                 (no amulet)
HPRegen 0.32/turn                L - ring of wizardry
MPRegen 0.00/turn                W - ring of willpower

@: heroic, marked, spiked, flying
A: sickness immunity, fire resistance 2, cold vulnerability 1, float, innate
caster, HP casting, extra vitality 1
a: Renounce Religion, Heroism


You were on level 11 of the Dungeon.
You worshipped Okawaru.
Okawaru was pleased with you.
You visited 2 branches of the dungeon, and saw 12 of its levels.

You collected 564 gold pieces.

Inventory:

Hand Weapons
 a - a +1 whip of electrocution (weapon)
 b - a +2 scimitar of venom
 i - a +5 morningstar
 n - a +1 mace of protection
 I - a +4 falchion
 O - a +0 dagger of venom
 X - a +4 long sword
Missiles
 d - 7 boomerangs of dispersal
 x - 63 poisoned darts (quivered)
 Y - 6 boomerangs
Armour
 h - a +0 helmet (worn)
 p - a +0 ring mail
 q - a +1 pair of gloves (worn)
 t - the +5 chain mail of Zetoheaj (worn) {rF+ Dex+6}
   (You found it on level 3 of the Dungeon)

   Dex:       It affects your dexterity (+6).
   rF:        It protects you from fire.
 C - a +0 buckler (worn)
 H - a +0 leather armour
 P - the -2 pair of gloves of Sif Muna's Outrage {+Blink rN+ Regen+ MP+9}
   (You found it on level 9 of the Dungeon)

   rN:        It protects you from negative energy.
   MP:        It affects your magic capacity (+9).
   +Blink:    It lets you blink.
   Regen:     It increases your rate of health regeneration.
Magical Staves
 j - a staff of conjuration
 F - a staff of death
Jewellery
 g - a ring of ice
 o - a ring of ice
 A - a ring of wizardry
 E - a ring of protection from cold
 J - a ring of positive energy
 L - a ring of wizardry (left hand)
 W - a ring of willpower (right hand)
Wands
 y - a wand of roots (26)
 B - a wand of acid (4)
 N - a wand of digging (1)
 Q - a wand of mindburst (15)
 V - a wand of polymorph (1)
Scrolls
 c - 2 scrolls of blinking
 e - a scroll of enchant weapon {unknown}
 k - 4 scrolls of poison
 l - 3 scrolls of fear
 s - a scroll of amnesia {unknown}
 u - 2 scrolls of magic mapping {unknown}
 v - a scroll of fog {unknown}
 z - 5 scrolls of identify
 D - a scroll of enchant armour
 M - a scroll of torment {unknown}
Potions
 f - a potion of cancellation {unknown}
 r - 2 potions of resistance {unknown}
 w - 7 potions of curing
 G - a potion of brilliance
 K - 2 potions of mutation {unknown}
 R - a potion of ambrosia {unknown}
 S - 2 potions of haste {unknown}
Miscellaneous
 T - a tin of tremorstones (2/2)
 U - a condenser vane


   Skills:
 + Level 5.5(10.5) Fighting
 + Level 6.3(11.8) Short Blades
 + Level 3.7(10.5) Long Blades
 + Level 2.6(7.6) Maces & Flails
 + Level 1.0(6.0) Throwing
 + Level 8.1(13.1) Armour
 + Level 4.8(9.8) Dodging
 + Level 0.3(5.3) Stealth
 + Level 4.0(9.0) Shields
 * Level 6.2 Spellcasting
 + Level 0.8 Invocations


You knew the following spells:

 Your Spells              Type           Power      Damage    Failure   Level
a - Blink                 Tloc           50%        N/A       9%          2
b - Lesser Beckoning      Tloc           50%        N/A       9%          2
c - Vhi's Electric Charg  Tloc/Air       50%        N/A       16%         3
d - Teleport Other        Tloc           25%        N/A       16%         3
e - Manifold Assault      Tloc           25%        N/A       45%         4
f - Necrotise             Necr           100%       1d9       6%          1
g - Static Discharge      Conj/Air       50%        2-5/arc   9%          2
h - Ozocubu's Armour      Ice            25%        N/A       16%         3
i - Stone Arrow           Conj/Erth      50%        3d10      16%         3
j - Summon Forest         Summ/Tloc      12%        N/A       80%         5
Your spell library was empty.

Dungeon Overview and Level Annotations

Branches:
Dungeon (11/15)            Temple (1/1) D:5
   Lair: D:8-11         Orc: D:9-12

Altars:
Ashenzari
Cheibriados
Dithmenos
Elyvilon
Fedhas
Gozag
Hepliaklqana
Makhleb
Okawaru
Qazlal
Ru
Trog
Uskayaw
Wu Jian
Xom
Yredelemnul
Zin
The Shining One

Shops:
D:4 (   D:9 :

Annotations:
D:2 Natasha
D:5 exclusion: oklob sapling
D:11 Erica


Innate Abilities, Weirdness & Mutations

You are immune to sickness and miasma.
You are immune to poison.
Your flesh is very heat resistant. (rF++)
You are vulnerable to cold. (rC-)
You float through the air rather than walking.
You learn spells naturally, not from books.
Your magical power is your life essence.
You have superior vitality. (+4 MHP)


Message History

The stone arrow hits you!
You are too injured to fight recklessly!
You are too injured to fight recklessly!
You are too injured to fight recklessly!
You are too injured to fight recklessly!
You are too injured to fight recklessly!
You barely miss the gargoyle. The gargoyle barely misses you.
You barely miss the gargoyle. You hit the gargoyle but do no damage.
The gargoyle hits you but does no damage.
You hit the gargoyle but do no damage.
The gargoyle hits you but does no damage.
You hit the gargoyle but do no damage. The gargoyle hits you with a +0 mace!
You hit the gargoyle but do no damage. You barely miss the gargoyle.
The gargoyle barely misses you.
You barely miss the gargoyle.
The gargoyle hurls a stone arrow at you.
The stone arrow hits you!
* * * LOW HITPOINT WARNING * * *
Erica casts a spell at you. The lance of force hits you!
* * * LOW HITPOINT WARNING * * *
As you read the scroll of teleportation, it crumbles to dust.
You feel strangely unstable. The gargoyle misses you.
Okay, then.
Unknown command.
You hit the gargoyle but do no damage. You hit the gargoyle.
The gargoyle is lightly damaged.
The gargoyle hits you with a +0 mace!
* * * LOW HITPOINT WARNING * * *
You barely miss the gargoyle.
The gargoyle is lightly damaged.
Your surroundings suddenly seem different.
A manticore comes into view.
Found a scroll of noise.
The manticore flicks its tail.
The volley of spikes hits you!!
The barbed spikes become lodged in your body.
You die...

....<#.......########!
###....... ####.#.......# .#
#.......
#.#.#.......########.#
#.......
#.#.#..........H.....#
#..#####
#...######...........####Y.#
#.### #.........(.@..9YY#
#.# ##...........####YY# #$#
.............# #..# ##.#
.......@.## ####..### ...#
.?.####### .#.......# #.T##
#.........# ##9.##
..P...P...# .....+
.P.P......# ....## #
............Y ....# .#
.P.....P..... ....# 9.#
..####P...P#. ....## ....
#..PP...


You could see Erica and a manticore.

Vanquished Creatures
  Pikel (D:7)
  A deep elf pyromancer (D:9)
  A manticore (D:11)
  Joseph (D:8)
  Grinder (D:6)
  A vampire (D:9)
  A yak (D:11)
  A wyvern (D:10)
  A basilisk (shapeshifter) (D:10)
  A water moccasin (D:5)
  3 orc warriors
  2 ice beasts (D:5)
  3 sky beasts
  An ogre (D:6)
  2 centaurs
  2 lemures (D:8)
  3 kobold brigands
  6 bullfrogs
  A gnoll sergeant (D:6)
  3 scorpions
  7 wights
  8 killer bees
  8 howler monkeys
  2 jellies (D:5)
  2 gnoll boudas (D:5)
  An orc priest (D:10)
  3 hounds
  A sleepcap (D:7)
  An iguana (D:5)
  10 orc wizards
  21 gnolls
  10 adders
  2 shadow imps
  3 white imps
  An ufetubus (D:7)
  2 worms
  A dart slug (D:2)
  20 orcs
  7 ball pythons
  5 endoplasms
  A goblin (D:3)
  4 hobgoblins
  2 jackals (D:3)
  8 quokkas
  6 bats
  23 kobolds
  5 rats
200 creatures vanquished.

Vanquished Creatures (collateral kills)
  A ball python (D:2)
1 creature vanquished.

Vanquished Creatures (others)
  An orc wizard (D:10)
  10 fungi (D:11)
  70 plants
81 creatures vanquished.

Grand Total: 282 creatures vanquished

Notes
Turn   | Place    | Note
-------+----------+-------------------------------------------
     0 | D:1      | jimonade the Djinni Warper began the quest for the Orb.
     0 | D:1      | jimonade set off with the following spells memorised:
                  | Blink, Lesser Beckoning, Vhi's Electric Charge, Teleport
                  | Other, Manifold Assault.
     0 | D:1      | Reached XP level 1. HP: 18/18 MP: 0/0
   164 | D:1      | Reached XP level 2. HP: 12/23 MP: 0/0
   918 | D:2      | Reached XP level 3. HP: 28/28 MP: 0/0
   918 | D:2      | Learned a level 1 spell: Necrotise
  1043 | D:2      | Noticed Natasha
  1384 | D:2      | Reached XP level 4. HP: 26/33 MP: 0/0
  1947 | D:2      | Found a faded altar of an unknown god.
  1960 | D:2      | Reached XP level 5. HP: 27/38 MP: 0/0
  1960 | D:2      | Learned a level 2 spell: Static Discharge
  2799 | D:3      | Identified the +5 chain mail of Zetoheaj {rF+ Dex+6}
  3238 | D:3      | Reached skill level 2 in Armour
  3238 | D:3      | Reached XP level 6. HP: 43/43 MP: 0/0
  3892 | D:4      | Noticed an ogre
  4015 | D:4      | Found Ynwi's Antique Weapon Shop.
  4155 | D:5      | Entered Level 5 of the Dungeon
  4317 | D:5      | Reached XP level 7. HP: 49/49 MP: 0/0
  4317 | D:5      | Learned a level 3 spell: Ozocubu's Armour
  4370 | D:5      | Found a staircase to the Ecumenical Temple.
  4428 | D:5      | Found a shimmering altar of Xom.
  4506 | D:5      | Reached skill level 3 in Armour
  5081 | D:5      | Reached skill level 1 in Shields
  5099 | D:5      | Noticed a water moccasin
  5138 | D:5      | Killed a water moccasin
  5139 | D:5      | Reached XP level 8. HP: 28/55 MP: 0/0
  5446 | Temple   | Entered the Ecumenical Temple
  5655 | Temple   | Became a worshipper of Warmaster Okawaru
  5904 | D:5      | Reached skill level 4 in Armour
  6322 | D:6      | Reached skill level 5 in Short Blades
  6434 | D:5      | Reached * piety under Okawaru
  6944 | D:6      | Reached skill level 5 in Armour
  6944 | D:6      | Reached XP level 9. HP: 6/61 MP: 0/0
  6944 | D:6      | Learned a level 3 spell: Stone Arrow
  7279 | D:6      | Noticed Grinder
  7455 | D:6      | Paralysed by Grinder for 3 turns
  7463 | D:6      | Killed Grinder
  7463 | D:6      | Reached ** piety under Okawaru
  7464 | D:6      | Reached skill level 1 in Throwing
  8414 | D:7      | Reached skill level 5 in Spellcasting
  8427 | D:6      | Reached skill level 1 in Long Blades
  8976 | D:7      | Reached skill level 6 in Armour
  9496 | D:8      | Noticed Joseph
  9535 | D:8      | Killed Joseph
  9536 | D:8      | Reached XP level 10. HP: 18/69 MP: 0/0
 10143 | D:8      | Noticed Pikel
 10222 | D:8      | Found a glowing silver altar of Zin.
 10307 | D:8      | Found an opulent altar of Gozag.
 10364 | D:7      | HP: 3/69 [Pikel/+1 whip of electrocution (5)]
 10365 | D:7      | Killed Pikel
 10805 | D:9      | Identified the -2 pair of gloves of Sif Muna's Outrage
                  | {+Blink rN+ Regen+ MP+9}
 11369 | D:8      | Reached skill level 7 in Armour
 11521 | D:9      | Found Fisaum's Book Boutique.
 11774 | D:9      | Reached skill level 5 in Fighting
 11866 | D:9      | Noticed a deep elf pyromancer
 11994 | D:9      | Killed a deep elf pyromancer
 11994 | D:9      | Reached *** piety under Okawaru
 11995 | D:9      | Reached skill level 1 in Maces & Flails
 12405 | D:10     | Entered Level 10 of the Dungeon
 13150 | D:10     | Reached XP level 11. HP: 76/76 MP: 0/0
 13150 | D:10     | Learned a level 5 spell: Summon Forest
 13636 | D:11     | Noticed a manticore
 13657 | D:11     | Killed a manticore
 13658 | D:11     | Reached skill level 8 in Armour
 13792 | D:11     | Noticed Erica
 13823 | D:11     | Noticed a boulder beetle
 14086 | D:11     | HP: 2/76 [gargoyle/+0 mace (9)]
 14087 | D:11     | Noticed a manticore
 14087 | D:11     | Killed from afar by a manticore

Illustrated notes

Levels and vault maps discovered:
D:1:      shiori_arrival_elements, layout_basic, dk_noncrumbling_2,
          fountainhead, minmay_hexomino_p4
D:2:      layout_basic, shapermc_ecumenical_altar_venn, serial_bayou,
          serial_bayou_shore_b, serial_bayou_shore_b, serial_bayou_crossing,
          serial_bayou_ford_a, nicolae_grassy_gnolls, uniq_natasha
D:3:      layout_basic, minmay_door_square, kennysheep_generic_room_4
D:4:      layout_rooms, serial_shops, shop, serial_bayou_lake_a
D:5:      layout_rooms, mainiacjoe_overflow_divided_tiny,
          minmay_temple_entry_oklob, serial_corexii_hall,
          corexii_hall_statues_u, corexii_hall_statues_t
D:6:      layout_loops_cross, corexii_shack, uniq_grinder
D:7:      layout_basic, hangedman_decor_push
D:8:      layout_rooms, pdpol_temple_overflow_zin_treasury_gozag_greed,
          minivault_14, uniq_joseph, uniq_pikel
D:9:      layout_irregular_city, serial_shops, kennysheep_mini_moat
D:10:     layout_loops_corners
D:11:     layout_basic, grunt_lair_entry_orc_guard_hut, uniq_erica
Temple:   regret_index_temple_mists

Skill      XL: |  1  2  3  4  5  6  7  8  9 10 11 |
---------------+----------------------------------+-----
Short Blades   | 2 3 4 5 6 |  6.3
Spellcasting   | 3 4 5 6 |  6.2
Dodging        | 3 4 |  4.8
Armour         | 2 3 5 6 7 8 |  8.1
Shields        | 1 2 3 4 |  4.0
Fighting       | 3 4 5 |  5.5
Throwing       | 1 |  1.0
Long Blades    | 2 3 |  3.7
Maces & Flails | 2 |  2.6
Stealth        | |  0.3
Invocations    | |  0.8

Action                     |  1- 3 |  4- 6 |  7- 9 | 10-12 || total
---------------------------+-------+-------+-------+-------++-------
  Melee: Short sword       |    33 |       |       |       ||    33
         Punch             |     1 |     1 |       |       ||     2
         Rapier            |    46 |   279 |   204 |       ||   529
         Dagger            |       |       |   291 |   123 ||   414
         Falchion          |       |       |    14 |       ||    14
         Long sword        |       |       |    64 |       ||    64
         Whip              |       |       |       |   300 ||   300
         Scimitar          |       |       |       |    15 ||    15
  Throw: Dart              |       |       |     5 |       ||     5
   Cast: Necrotise         |    17 |    33 |       |       ||    50
         Blink             |       |     3 |       |     1 ||     4
 Invoke: Heroism           |       |       |     2 |     9 ||    11
  Evoke: Wand              |       |       |     1 |       ||     1
    Use: Scroll            |       |     4 |     6 |     2 ||    12
 Armour: Leather armour    |    25 |     6 |       |       ||    31
         Chain mail        |       |   135 |   293 |   291 ||   719
         Ring mail         |       |    22 |       |       ||    22
  Dodge: Dodged            |    62 |   137 |   149 |   125 ||   473
  Block: Buckler           |       |    14 |   101 |    91 ||   206

Table legend: (Time is in decaauts)
 A = Elapsed time spent in this place.
 B = Non-inter-level travel time spent in this place.
 C = Inter-level travel time spent in this place.
 D = Time resting spent in this place.
 E = Time spent auto-exploring this place.
 F = Levels seen in this place.
 G = Mean time per level.
                   A        B        C        D        E       F      G
               +--------+--------+--------+--------+--------+-----+--------+
         Total |  14042 |  13230 |    812 |   2638 |   6668 |  12 | 1170.2 |
       Dungeon |  13814 |  13015 |    799 |   2631 |   6488 |  11 | 1255.8 |
        Temple |    227 |    214 |     13 |      7 |    180 |   1 |  227.0 |
               +--------+--------+--------+--------+--------+-----+--------+

Top non-repeatable levels by time:
     D:5: 2479 daAuts
     D:8: 1537 daAuts
     D:6: 1381 daAuts
     D:2: 1371 daAuts
     D:7: 1359 daAuts
    D:10: 1348 daAuts
     D:9: 1211 daAuts
     D:1: 1082 daAuts
     D:3: 1016 daAuts
     D:4: 704 daAuts
    D:11: 322 daAuts
  Temple: 227 daAuts
